 Dungeon Crawl Stone Soup version 0.29-a0-872-g797fff5ad1 (webtiles) character file.

Game seed: 6789995190439876312

65 Hubjo the Insei (level 3, -1/27 HPs)
             Began as a Demonspawn Transmuter on July 18, 2022.
             Was a Follower of Okawaru.
             Slain by an adder (2 damage)
             ... on level 3 of the Dungeon.
             The game lasted 00:02:33 (2712 turns).

Hubjo the Insei (Demonspawn Transmuter)             Turns: 2712, Time: 00:02:34

Health: -1/27      AC:  3    Str: 10    XL:     3   Next: 92%
Magic:  6/6        EV: 12    Int: 16    God:    Okawaru [*.....]
Gold:   139        SH:  0    Dex: 13    Spells: 5/6 levels left

rFire   . . .      SeeInvis .     - Unarmed
rCold   . . .      Faith    .   (no shield)
rNeg    . . .      Spirit   .   a - +1 robe
rPois   .          Reflect  .   (helmet currently unavailable)
rElec   .          Harm     .   (no cloak)
rCorr   .          Rampage  .   (no gloves)
Will    .....                   (boots currently unavailable)
Stlth   +.........              (no amulet)
HPRegen 0.09/turn               (no ring)
MPRegen 0.20/turn               (no ring)

@: appendages (expiring)
A: horns 2, talons 2, magic regeneration
a: End Transformation, Renounce Religion, Heroism


You were on level 3 of the Dungeon.
You worshipped Okawaru.
Okawaru was aware of your devotion.
You had temporarily grown beastly horns and talons.
You visited 1 branch of the dungeon, and saw 3 of its levels.

You collected 139 gold pieces.

Inventory:

Armour
 a - a +1 robe (worn)
Wands
 j - a wand of iceblast (9)
Scrolls
 e - 3 scrolls of identify
 l - 3 scrolls of enchant armour
 n - a scroll of amnesia
 o - 2 scrolls of teleportation {unknown}
Potions
 b - a potion of lignification
 c - 2 potions of might {unknown}
 d - 2 potions of degeneration {unknown}
 f - a potion of heal wounds {unknown}
 g - 2 potions of brilliance {unknown}
 h - a potion of resistance {unknown}
 i - 2 potions of attraction {unknown}
 k - a potion of cancellation {unknown}
 m - a potion of curing {unknown}


   Skills:
 + Level 2.1 Fighting
 - Level 1.7 Dodging
 + Level 3.1 Unarmed Combat
 + Level 2.4 Spellcasting
 * Level 2.7 Transmutations


You had 5 spell levels left.
You knew the following spells:

 Your Spells              Type           Power      Damage    Failure   Level
a - Beastly Appendage     Tmut           20%        N/A       7%          1

Your spell library contained the following spells:

 Spells                   Type           Power      Damage    Failure   Level
 Wereblood                Tmut           10%        N/A       10%         2
 Spider Form              Tmut/Pois      6%         N/A       34%         3
 Ice Form                 Ice/Tmut       6%         N/A       75%         4


Dungeon Overview and Level Annotations

Branches:
Dungeon (3/15)

Altars:
Okawaru


Innate Abilities, Weirdness & Mutations

You have temporarily grown beastly horns and talons.
You regenerate magic rapidly.


Message History

You feel sick.
You are no longer poisoned.
The adder bites you but does no damage.
You hit the adder. Your headbutt misses the adder.
The adder is heavily wounded.
The adder bites you but does no damage. The adder bites you.
You are poisoned.
The adder poisons you!
You barely miss the adder. Your headbutt misses the adder.
The adder is heavily wounded.
You feel sick. The adder barely misses you.
You closely miss the adder. Your kick misses the adder.
Your headbutt misses the adder.
The adder is heavily wounded.
You feel sick. The adder bites you.
You barely miss the adder. You claw the adder, but do no damage.
The adder is heavily wounded.
Your transformation is almost over.
You feel sick. The adder barely misses you.
You closely miss the adder. You claw the adder, but do no damage.
The adder is heavily wounded.
You feel sick. The adder bites you.
* * * LOW HITPOINT WARNING * * *
The adder bites you.
* * * LOW HITPOINT WARNING * * *
You closely miss the adder.
The adder is heavily wounded.
* * * LOW HITPOINT WARNING * * *
You feel sick.
You are no longer poisoned.
The adder misses you.
Aiming: Iceblast
Press: ? - help, Shift-Dir - straight line, f - adder
Aim: an adder (heavily wounded)
Okay, then.
You closely miss the adder. Your kick misses the adder.
Your headbutt misses the adder.
The adder is heavily wounded.
The adder bites you.
You die...

##.#####. ##
###.#####. ..
#.......#. .#
#.##.##.#. .#
#.......#. .#
#......#.###.
.#
#####..#.#..)
####S#
.<..#.#...
#..@.#
.#.#.#.#.<.
#.#### #
#.#.#)#.#.
#.####
#.#.#.#...
#....#
..#.#.###.
####.# #)....
#.# #..##.
#.# #.....
#####.##
###.#.#.
#......#
#...#...


You could see an adder.

Vanquished Creatures
  An adder (D:2)
  A worm (D:2)
  A dart slug (D:1)
  5 orcs (D:3)
  5 bats
  4 endoplasms
  3 giant cockroaches (D:1)
  2 hobgoblins (D:2)
  4 jackals (D:1)
  5 ball pythons
  4 frilled lizards
  2 goblins
  2 kobolds (D:1)
  5 rats
44 creatures vanquished.

Notes
Turn   | Place    | Note
-------+----------+-------------------------------------------
     0 | D:1      | Hubjo the Demonspawn Transmuter began the quest for the
                  | Orb.
     0 | D:1      | Reached XP level 1. HP: 15/15 MP: 3/3
    13 | D:1      | Found a faded altar of an unknown god.
    36 | D:1      | Prayed at the altar of an unknown god.
    36 | D:1      | Became a worshipper of Warmaster Okawaru
    36 | D:1      | Reached * piety under Okawaru
   179 | D:1      | Gained mutation: You regenerate magic rapidly. [demonic
                  | ancestry]
   179 | D:1      | Reached XP level 2. HP: 8/21 MP: 5/5
  1274 | D:1      | Reached XP level 3. HP: 19/27 MP: 4/6
  1493 | D:2      | Reached skill level 3 in Unarmed Combat
  2711 | D:3      | HP: 1/27 [poisoned by an adder]
  2712 | D:3      | Slain by an adder

Illustrated notes

Levels and vault maps discovered:
D:1:      psy_arrival_basics, layout_loops_ring,
          dreamdust_ecumenical_altar_statues, minmay_quantized
D:2:      layout_basic, dk_vineyard_3, minmay_misc_feat_x, minmay_pentomino_x4
D:3:      layout_basic, lemuel_crystal_altar, general_overflow_altar

Skill      XL: |  1  2  3 |
---------------+----------+-----
Transmutations | 2 |  2.7
Unarmed Combat | 3 |  3.1
Fighting       | 2 |  2.1
Dodging        | |  1.7
Spellcasting   | |  2.4

Action                   || total
-------------------------++-------
Melee: Unarmed           ||   135
       Kick              ||    26
       Headbutt          ||    14
       Punch             ||     2
 Cast: Beastly Appendage ||    37
  Use: Scroll            ||     2
Armor: Robe              ||    29
Dodge: Dodged            ||    87

Table legend: (Time is in decaauts)
 A = Elapsed time spent in this place.
 B = Non-inter-level travel time spent in this place.
 C = Inter-level travel time spent in this place.
 D = Time resting spent in this place.
 E = Time spent auto-exploring this place.
 F = Levels seen in this place.
 G = Mean time per level.
                   A        B        C        D        E       F      G
               +--------+--------+--------+--------+--------+-----+--------+
         Total |   2704 |   2620 |     84 |      0 |   2304 |   3 |  901.3 |
       Dungeon |   2704 |   2620 |     84 |      0 |   2304 |   3 |  901.3 |
               +--------+--------+--------+--------+--------+-----+--------+

Top non-repeatable levels by time:
     D:1: 1416 daAuts
     D:2: 987 daAuts
     D:3: 301 daAuts
